 Dungeon Crawl Stone Soup version 0.22.1-5-g62c59d9 (webtiles) character file.

271 Fang the Chopper (level 6, -6/39 HPs)
             Began as a Gargoyle Berserker on Jan 10, 2019.
             Was a Believer of Trog.
             Mangled by Grinder (8 damage)
             ... on level 4 of the Dungeon.
             The game lasted 00:03:02 (2962 turns).

Fang the Chopper (Gargoyle Berserker)               Turns: 2962, Time: 00:03:03

Health: -6/39      AC:  0    Str: 22    XL:     6   Next: 23%
Magic:  6/6        EV: 14    Int:  8    God:    Trog [**....]
Gold:   214        SH:  0    Dex:  9    Spells: 5/5 levels left

rFire    . . .     SeeInvis .   (weapon currently unavailable)
rCold    . . .     Gourm    .   (shield currently unavailable)
rNeg     + . .     Faith    .   (armour currently unavailable)
rPois    ∞         Spirit   .   (helmet currently unavailable)
rElec    .         Reflect  .   (cloak currently unavailable)
rCorr    .         Harm     .   (gloves currently unavailable)
MR       .....                  (boots currently unavailable)
Stlth    ++........             n - amulet of rage (curse)
HPRegen  0.13/turn              (ring currently unavailable)
MPRegen  0.10/turn              (ring currently unavailable)

@: pig-form (expiring), berserk cooldown, slowed
A: small, negative energy resistance 1, petrification resistance, rot immunity,
AC +4
a: Berserk, Trog's Hand, Renounce Religion, Evoke Berserk Rage


You were on level 4 of the Dungeon.
You worshipped Trog.
Trog was pleased with you.
You were very hungry.
You were a filthy swine.
You visited 1 branch of the dungeon, and saw 4 of its levels.

You collected 214 gold pieces.

Inventory:

Hand Weapons
 r - a +0 war axe (melded)
Armour
 b - a +0 animal skin (melded)
Jewellery
 n - a cursed amulet of rage (around neck)
Wands
 q - a wand of polymorph (8)
Scrolls
 d - 4 scrolls of identify {unknown}
 e - 3 scrolls of teleportation {unknown}
 f - 5 scrolls of remove curse {unknown}
 h - 3 scrolls of fear {unknown}
 i - a scroll of noise {unknown}
 k - a scroll of random uselessness {unknown}
 l - a scroll of enchant weapon {unknown}
 m - a scroll of immolation {unknown}
Potions
 a - 2 potions of flight {unknown}
 g - 2 potions of curing {unknown}
 j - a potion of heal wounds {unknown}
 o - a potion of mutation {unknown}
 p - a potion of invisibility {unknown}
Comestibles
 c - 12 rations


   Skills:
 + Level 4.5 Fighting
 + Level 4.9 Axes
 + Level 2.3 Armour
 + Level 2.2 Dodging
 + Level 1.6 Stealth
 + Level 0.4 Unarmed Combat


You had 5 spell levels left.
You didn't know any spells.
Your spell library was empty.

Dungeon Overview and Level Annotations

Branches:
Dungeon (4/15)
 Temple: D:4-7

Altars:
Hepliaklqana
Zin

Annotations:
D:4 Grinder


Innate Abilities, Weirdness & Mutations

You are resistant to torment.
((Your stone body is resilient. (AC +4)))
You are immune to poison.
You resist negative energy. (rN+)
((You are resistant to electric shocks. (rElec)))
((You can survive without breathing.))
You are immune to petrification.
You are immune to rotting.


Message History

Grinder is severely wounded.
Grinder hits you!
You writhe in agony.
* * * LOW HITPOINT WARNING * * *
Grinder gestures at you. Pain shoots through your body!
* * * LOW HITPOINT WARNING * * *
You are too injured to fight recklessly!
Unknown command.
You are too injured to fight recklessly!
Unknown command.
You are too injured to fight recklessly!
Grinder grins, showing sharp teeth.
Grinder hits you.
* * * LOW HITPOINT WARNING * * *
You writhe in agony.
* * * LOW HITPOINT WARNING * * *
You hit Grinder but do no damage.
Grinder is severely wounded.
Grinder hits you!
You die...

#....'..........#
#....##.........#
#....##..........
#######.........#
###########.#......
#.............#####
#.............#
#...!.5.?.....#
#.....h.......#
#.............#
#............?..
#............####
#....%.......#
#............#
#............#
#............#


You could see Grinder.

Vanquished Creatures
  A big kobold (D:3)
  A hound (D:4)
  A centaur skeleton (D:4)
  Ijyb (D:3)
  3 adders
  An ooze (D:3)
  2 worms
  4 dart slugs
  4 leopard geckos
  4 orcs (D:3)
  2 giant cockroaches (D:1)
  8 goblins
  7 hobgoblins
  6 kobolds
  2 quokkas
  A ball python (D:4)
  9 bats
  5 frilled lizards
  4 rats
66 creatures vanquished.

Notes
Turn   | Place    | Note
-------+----------+-------------------------------------------
     0 | D:1      | Fang the Gargoyle Berserker began the quest for the Orb.
     0 | D:1      | Reached XP level 1. HP: 14/14 MP: 1/1
    95 | D:1      | Reached XP level 2. HP: 13/19 MP: 2/2
   515 | D:1      | Reached XP level 3. HP: 22/24 MP: 3/3
   845 | D:2      | Reached ** piety under Trog
  1200 | D:2      | Found a glowing silver altar of Zin.
  1416 | D:2      | Reached XP level 4. HP: 29/29 MP: 4/4
  1700 | D:2      | Found a faded altar of an unknown god.
  1816 | D:3      | Noticed Ijyb
  1823 | D:3      | Killed Ijyb
  2155 | D:3      | Found a hazy altar of Hepliaklqana.
  2202 | D:3      | Noticed a big kobold
  2213 | D:3      | Killed a big kobold
  2213 | D:3      | Reached skill level 1 in Stealth
  2213 | D:3      | Reached XP level 5. HP: 29/33 MP: 5/5
  2884 | D:4      | Reached XP level 6. HP: 33/39 MP: 6/6
  2936 | D:4      | Noticed Grinder
  2962 | D:4      | Mangled by Grinder

Skill      XL: |  1  2  3  4 |
---------------+-------------+-----
Axes           | 3 4 |  4.9
Fighting       | 4 |  4.5
Dodging        | 2 |  2.2
Stealth        | 1 |  1.6
Armour         | |  2.3
Unarmed Combat | |  0.4

Action                   |  1- 3 |  4- 6 || total
-------------------------+-------+-------++-------
Melee: Hand axe          |   137 |    24 ||   161
       War axe           |       |    71 ||    71
       Unarmed           |       |    27 ||    27
Invok: Berserk           |       |     1 ||     1
 Stab: Sleeping          |     1 |     3 ||     4
       Confused          |       |     1 ||     1
  Eat: Chunk             |     1 |     2 ||     3
       Ration            |       |     1 ||     1
Armor: Animal skin       |    42 |    34 ||    76
       Skin              |       |     1 ||     1
Dodge: Dodged            |    94 |    83 ||   177
